 Dungeon Crawl Stone Soup version 0.29-a0-721-g7f417c9bbb (webtiles) character file.

Game seed: 7643013217019274499

14399 blackman the Severer (level 12, 0/88 (91) HPs)
             Began as a Human Delver on June 27, 2022.
             Was the Champion of Okawaru.
             Slain by a very large slime creature (16 damage)
             ... while petrified by a basilisk
             ... on level 12 of the Dungeon.
             The game lasted 00:41:53 (14967 turns).

blackman the Severer (Human Delver)                Turns: 14967, Time: 00:41:54

HP:   0/88 (91)     AC: 28    Str: 22    XL:     12   Next: 44%
MP:   12/12         EV:  2    Int: 11    God:    Okawaru [******]
Gold: 692           SH:  0    Dex: 18    Spells: 11/11 levels left

rFire   . . .      SeeInvis .   f - +2 broad axe (flame)
rCold   . . .      Faith    .   P - +0 buckler
rNeg    + + +      Spirit   .   o - +8 plate armour "Wimul" {Drain Str+5 Stlth+}
rPois   ∞          Reflect  +   (no helmet)
rElec   .          Harm     .   r - +0 cloak
rCorr   .          Rampage  .   n - +2 pair of gloves {Dex+3}
Will    .....                   E - +2 pair of boots
Stlth   ..........              u - amulet of reflection
HPRegen 0.24/turn               e - ring of the Hare {EV+8}
MPRegen 0.13/turn               (no ring)

@: petrified, lightly drained
A: no striking features
a: Renounce Religion, Heroism, Finesse, Duel


You were on level 12 of the Dungeon.
You worshipped Okawaru.
Okawaru was exalted by your worship.
You visited 2 branches of the dungeon, and saw 13 of its levels.
You also visited: Ossuary.

You collected 890 gold pieces.
You spent 198 gold pieces at shops.

Inventory:

Hand Weapons
 f - a +2 broad axe of flaming (weapon)
 G - the +4 hammer of Koco {drain, rPois Will+ Int+4}
   (You found it on level 4 of the Dungeon)

   A truly terrible weapon, it drains the life of any living foe it strikes.
   Int:       It affects your intelligence (+4).
   rPois:     It protects you from poison.
   Will:      It increases your willpower.
Missiles
 d - 8 boomerangs (quivered)
 j - 22 poisoned darts
 R - 2 atropa-tipped darts
 X - 2 curare-tipped darts
Armour
 b - a +0 leather armour
 n - a +2 pair of gloves of dexterity (worn)
 o - the +8 plate armour "Wimul" (worn) {Drain Str+5 Stlth+}
   (Okawaru gifted it to you on level 11 of the Dungeon)

   Str:       It affects your strength (+5).
   Drain:     It drains your maximum health when unequipped.
   Stlth:     It makes you more stealthy.
 r - a +0 cloak (worn)
 E - a +2 pair of boots (worn)
 H - the +6 ring mail of the Hot Ocelot {rElec Str+7 Int-3}
   (You bought it in a shop on level 4 of the Dungeon)

   Str:       It affects your strength (+7).
   Int:       It affects your intelligence (-3).
   rElec:     It insulates you from electricity.
 P - a +0 buckler (worn)
Magical Staves
 h - a staff of earth
Jewellery
 a - a ring of resist corrosion
 e - the ring of the Hare (left hand) {EV+8}
   (You found it on level 3 of the Dungeon)

   [ring of evasion]

   EV:        It affects your evasion (+8).
 u - an amulet of reflection (around neck)
 B - a ring of magical power
Wands
 g - a wand of digging (1)
 F - a wand of flame (15)
Scrolls
 c - 5 scrolls of fog
 i - 3 scrolls of enchant armour
 k - 11 scrolls of teleportation
 l - a scroll of fear
 p - 2 scrolls of enchant weapon {unknown}
 w - 2 scrolls of amnesia {unknown}
 y - a scroll of summoning
 J - 2 scrolls of vulnerability
 K - a scroll of noise
 O - a scroll of poison
 S - 3 scrolls of identify
 U - a scroll of torment {unknown}
 V - a scroll of silence {unknown}
 W - a scroll of magic mapping
Potions
 m - 4 potions of curing
 q - 4 potions of magic
 s - 3 potions of brilliance
 t - 5 potions of flight {unknown}
 v - 2 potions of ambrosia
 x - a potion of invisibility {unknown}
 z - 3 potions of heal wounds
 A - a potion of haste
 C - 3 potions of degeneration {unknown}
 D - 2 potions of mutation {unknown}
 I - a potion of lignification {unknown}
 L - a potion of might {unknown}
 N - a potion of attraction {unknown}
 T - a potion of berserk rage {unknown}
Miscellaneous
 Y - a phial of floods


   Skills:
 * Level 7.5 Fighting
 - Level 16.6 Axes
 - Level 0.4(10.8) Maces & Flails
 * Level 6.7 Armour
 - Level 2.0 Dodging
 - Level 5.0 Stealth


You had 11 spell levels left.
You didn't know any spells.
Your spell library contained the following spells:

 Spells                   Type           Power      Damage    Failure   Level
 Freeze                   Ice            0%         1d3       100%        1
 Magic Dart               Conj           0%         1d3       100%        1
 Searing Ray              Conj           0%         2d4       100%        2
 Sublimation of Blood     Necr           0%         N/A       100%        2
 Wereblood                Tmut           0%         N/A       100%        2
 Frozen Ramparts          Ice            0%         1d2       100%        3
 Stone Arrow              Conj/Erth      0%         3d7       100%        3
 Airstrike                Air            0%         N/A       100%        4
 Fulminant Prism          Conj/Hex       0%         3d6       100%        4
 Hailstorm                Conj/Ice       0%         3d3       100%        4
 Ice Form                 Ice/Tmut       0%         N/A       100%        4
 Leda's Liquefaction      Hex/Erth       0%         N/A       100%        4
 Fireball                 Conj/Fire      0%         3d3       100%        5
 Iskenderun's Battlesphe  Conj           0%         2d6       100%        5
 Lee's Rapid Deconstruct  Erth           0%         3d5*      100%        5
 Lightning Bolt           Conj/Air       0%         1d11      100%        5
 Conjure Ball Lightning   Conj/Air       0%         3x3d6     100%        6
 Statue Form              Tmut/Erth      0%         N/A       100%        6
 Orb of Destruction       Conj           0%         9d5       100%        7
 Lehudib's Crystal Spear  Conj/Erth      0%         10d2      100%        8
 Animate Armour           Summ/Erth      Unusable   N/A       N/A         4
 Summon Lightning Spire   Summ/Air       Unusable   N/A       N/A         4
 Simulacrum               Ice/Necr       Unusable   N/A       N/A         6
 Summon Hydra             Summ           Unusable   N/A       N/A         7

Dungeon Overview and Level Annotations

Branches:
Dungeon (12/15)            Temple (1/1) D:6            Lair (0/6) D:8
    Orc (0/2) D:9         Ossuary (visited)

Altars:
Ashenzari
Cheibriados
Dithmenos
Elyvilon
Fedhas
Gozag
Hepliaklqana
Kikubaaqudgha
Makhleb
Nemelex Xobeh
Okawaru
Qazlal
Ru
Sif Muna
Trog
Uskayaw
Vehumet
Wu Jian
Xom
Yredelemnul
Zin
The Shining One

Shops:
D:4 [   D:8 *

Portals:
Trove: D:11 (give 13 potions of heal wounds)


Message History

The basilisk bites you.
The basilisk hisses menacingly.
The basilisk gazes at you. You resist with some effort.
You turn to flesh and can move again.
The basilisk attacks as you move away! You block the basilisk's attack.
The basilisk gazes at you. You resist with some effort.
The basilisk gazes at you.
You are slowing down.
The meliai calls down the wrath of its god upon you.
Something smites you!
The meliai invokes the aid of its god against you.
Something smites you!
Your limbs are stiffening.
The basilisk gazes at you.
Your limbs have turned to stone.
The meliai invokes the aid of its god against you.
Something smites you!
You have turned to stone.
The meliai invokes the aid of its god against you.
Something smites you!
The meliai calls down the wrath of its god upon you.
Something smites you! The basilisk gazes at you. You resist with some effort.
The meliai invokes the aid of its god against you.
Something smites you! The basilisk gazes at you. You resist with some effort.
The meliai calls down the wrath of its god upon you.
Something smites you!
A titanic slime creature splits.
The meliai mumbles some strange prayers to its god against you.
Something smites you! The very large slime creature hits you!
The large slime creature hits you!!
* * * LOW HITPOINT WARNING * * *
The very large slime creature hits you but does no damage.
The basilisk bites you but does no damage.
The large slime creature barely misses you.
The very large slime creature hits you!!
You die...

##...#####.# .......
###.......# #.#
####..#### #.# #.......#
##.# #.#'###.# #..#
####.#...#.# ##.#####
##..'.#...#.#####....!.#
#..##.#...#.'..##J.....#
#.###.#...#.##..@Jy....#
#.# #.#####.#####l.....#
..# #.. ..# #......# ###
### #### ########


You could see a very large slime creature, a large slime creature, a basilisk
and a meliai.

Vanquished Creatures
  A hydra (D:10)
  2 two-headed ogres (D:12)
  2 slime creatures (D:11)
  3 cyclopes
  An ugly thing (D:11)
  Maurice (D:8)
  Joseph (D:7)
  A gargoyle (D:9)
  Maggie (D:6)
  2 trolls
  A queen bee (D:12)
  A wraith (D:10)
  A shadow (D:9)
  A wyvern (D:9)
  11 yaks
  Menkaure (D:7)
  A water moccasin (D:9)
  4 black bears
  7 orc warriors
  3 ogres
  7 centaurs
  2 phantoms (D:5)
  2 kobold brigands
  4 bullfrogs (D:8)
  4 necrophages
  5 scorpions
  A cane toad simulacrum (D:12)
  A two-headed ogre simulacrum (D:12)
  3 wights (D:10)
  22 killer bees
  An elephant simulacrum (D:12)
  A jelly (D:4)
  3 electric eels (D:6)
  7 howler monkeys
  4 centaur zombies (Ossuary)
  A human zombie (Ossuary)
  2 gnoll shamans
  6 orc priests
  6 hounds
  Crazy Yiuf (D:4)
  Natasha (thrice) (D:4)
  2 iguanas
  8 orc wizards
  3 troll simulacra (D:12)
  A hound zombie (Ossuary)
  3 mummies (Ossuary)
  24 gnolls
  A naga simulacrum (D:12)
  7 adders
  A white imp (D:7)
  4 worms
  4 dart slugs
  36 orcs
  11 endoplasms
  2 giant cockroaches
  28 goblins
  25 hobgoblins
  8 jackals
  13 kobolds
  7 quokkas
  5 ball pythons
  3 bats
  4 frilled lizards
  2 gnoll zombies (Ossuary)
  5 goblin zombies (Ossuary)
  8 hobgoblin zombies (Ossuary)
  3 jackal zombies (Ossuary)
  A kobold zombie (Ossuary)
  2 orc zombies (Ossuary)
  2 quokka zombies (Ossuary)
  2 rats
  3 rat zombies (Ossuary)
360 creatures vanquished.

Vanquished Creatures (others)
  12 fungi
  11 plants
23 creatures vanquished.

Grand Total: 383 creatures vanquished

Notes
Turn   | Place    | Note
-------+----------+-------------------------------------------
     0 | D:5      | blackman the Human Delver began the quest for the Orb.
     0 | D:5      | Reached XP level 1. HP: 18/18 MP: 1/1
    59 | D:6      | Found a staircase to the Ecumenical Temple.
    61 | D:6      | Noticed a hound
    81 | Temple   | Entered the Ecumenical Temple
   228 | Temple   | Became a worshipper of Warmaster Okawaru
   311 | D:6      | Noticed an ogre
   372 | D:5      | Noticed a scorpion
   372 | D:5      | Noticed a scorpion
   374 | D:5      | Noticed a scorpion
   378 | D:5      | Noticed a phantom
   511 | D:5      | Noticed an iguana
   573 | D:5      | Noticed a scorpion
   583 | D:4      | Noticed an orc priest
  1141 | D:4      | Noticed a jelly
  1172 | D:4      | Noticed a necrophage
  1243 | D:3      | Found the ring of the Hare {EV+8}
  1340 | D:3      | Reached XP level 2. HP: 23/24 MP: 2/2
  1375 | D:2      | Reached skill level 3 in Axes
  1635 | D:1      | Reached XP level 3. HP: 29/29 MP: 3/3
  1690 | D:1      | You fall into a shaft and drop 1 floor!
  2332 | D:2      | Reached skill level 4 in Axes
  2332 | D:2      | Reached XP level 4. HP: 35/35 MP: 4/4
  3817 | D:3      | HP: 1/35 [gnoll/+0 flail (5)]
  3820 | D:3      | Reached XP level 5. HP: 30/41 MP: 5/5
  3928 | D:3      | Reached skill level 5 in Axes
  4431 | D:4      | Noticed Natasha
  4439 | D:4      | Killed Natasha
  4544 | D:4      | Noticed Natasha
  4548 | D:4      | Reached XP level 6. HP: 43/47 MP: 6/6
  4566 | D:4      | Killed Natasha
  4567 | D:4      | Reached skill level 6 in Axes
  4746 | D:4      | Noticed Natasha
  4766 | D:4      | Killed Natasha
  4766 | D:4      | Reached * piety under Okawaru
  5016 | D:4      | Reached XP level 7. HP: 42/52 MP: 7/7
  5105 | D:4      | Found a runed translucent door.
  5106 | D:4      | Noticed Crazy Yiuf
  5157 | D:4      | Reached skill level 7 in Axes
  5202 | D:4      | Killed Crazy Yiuf
  5206 | D:4      | Identified the +4 hammer of Koco {drain, rPois Will+ Int+4}
  5552 | D:4      | Found Kizigidgh's Antique Armour Emporium.
  5561 | D:4      | Bought a spiked ring mail for 198 gold pieces
  5561 | D:4      | Identified the +6 ring mail of the Hot Ocelot {rElec Str+7
                  | Int-3} (You bought it in a shop on level 4 of the Dungeon)
  5644 | D:5      | Reached ** piety under Okawaru
  5645 | D:5      | Reached skill level 8 in Axes
  5929 | D:5      | Reached XP level 8. HP: 58/58 MP: 8/8
  5964 | D:5      | Reached skill level 9 in Axes
  6211 | D:5      | Reached *** piety under Okawaru
  6295 | D:6      | Reached skill level 10 in Axes
  6323 | D:6      | Found a snail-covered altar of Cheibriados.
  6493 | D:6      | Reached XP level 9. HP: 63/63 MP: 9/9
  6592 | D:6      | Reached skill level 11 in Axes
  7205 | D:6      | Noticed Maggie
  7228 | D:6      | Killed Maggie
  7229 | D:6      | Reached skill level 12 in Axes
  7592 | D:7      | Identified the +3 leather armour of the Villain {Int-3 SInv
                  | Stlth+}
  7792 | D:7      | Found a shimmering blue altar of Sif Muna.
  7876 | D:7      | Reached **** piety under Okawaru
  7917 | D:7      | Noticed Menkaure
  7918 | D:7      | Found a sand-covered staircase.
  7920 | D:7      | Killed Menkaure
  7936 | Ossuary  | Entered an ossuary
  8017 | Ossuary  | Reached skill level 13 in Axes
  8017 | Ossuary  | Reached XP level 10. HP: 70/70 MP: 10/10
  8187 | D:7      | Noticed Joseph
  8198 | D:7      | Killed Joseph
  8447 | D:7      | Identified the +8 flail of Impermanence {vorpal, Contam rF-
                  | Will+++ rCorr}
  8707 | D:7      | Reached skill level 14 in Axes
  8856 | D:8      | Reached ***** piety under Okawaru
  9169 | D:8      | Noticed Maurice
  9183 | D:8      | Killed Maurice
  9184 | D:8      | Reached skill level 15 in Axes
  9219 | D:8      | Found Utybell's Assorted Antiques.
  9495 | D:8      | Found a staircase to the Lair.
  9575 | D:8      | Found a blossoming altar of Fedhas.
  9576 | D:8      | Found an ornate altar of the Wu Jian Council.
  9577 | D:8      | Found a sacrificial altar of Ru.
  9811 | D:9      | Received a gift from Okawaru
  9812 | D:9      | Reached XP level 11. HP: 75/75 MP: 11/11
 10201 | D:9      | Found a staircase to the Orcish Mines.
 10515 | D:9      | Reached skill level 16 in Axes
 10710 | D:10     | Entered Level 10 of the Dungeon
 10715 | D:10     | Noticed a four-headed hydra
 10726 | D:10     | Killed a one-headed hydra
 10796 | D:10     | Reached ****** piety under Okawaru
 11148 | D:10     | Reached skill level 1 in Armour
 11322 | D:11     | Noticed a cyclops
 11326 | D:11     | Killed a cyclops
 11326 | D:11     | Received a gift from Okawaru
 11479 | D:11     | Noticed a cyclops
 11484 | D:11     | Killed a cyclops
 11520 | D:11     | Found a portal to a secret trove of treasure.
 11914 | D:11     | Reached skill level 5 in Fighting
 12179 | D:11     | Noticed a purple ugly thing
 12190 | D:11     | Killed a purple ugly thing
 12773 | D:11     | Reached XP level 12. HP: 62/87 MP: 12/12
 13524 | D:12     | Reached skill level 5 in Armour
 13670 | D:12     | Found a frozen archway.
 13677 | D:12     | Noticed a two-headed ogre
 13677 | D:12     | Noticed a two-headed ogre
 13780 | D:11     | Identified the +8 plate armour "Wimul" {Drain Str+5 Stlth+}
                  | (Okawaru gifted it to you on level 11 of the Dungeon)
 13780 | D:11     | Received a gift from Okawaru
 14791 | D:12     | Killed a two-headed ogre
 14851 | D:12     | Killed a two-headed ogre
 14967 | D:12     | Slain by a very large slime creature

Illustrated notes

Levels and vault maps discovered:
D:1:      sevenhm_arrival_forest_fort_small_5, layout_rooms,
          dreamdust_mushroom_princess
D:2:      layout_loops_corners, serial_forest, infiniplex_forest_diagonal,
          infiniplex_forest_end_2, infiniplex_forest_corner_2,
          infiniplex_forest_join, infiniplex_forest_clump_medium,
          infiniplex_forest_corner_2, infiniplex_forest_clump_small,
          infiniplex_forest_lined_corner, infiniplex_forest_clump_tiny,
          infiniplex_forest_lined_2
D:3:      layout_loops_corners, minivault_27
D:4:      layout_basic, serial_shops, nicolae_lakefront_shop, uniq_natasha,
          uniq_crazy_yiuf_cottage
D:5:      layout_basic, minmay_starry_boxes
D:6:      minmay_goblin_kobold_castle, layout_basic, overflow_temple_1_default,
          minmay_temple_entry_large_hall, uniq_maggie
D:7:      layout_loops_corners, old_standard_altar, enter_ossuary_1,
          minmay_misc_feat_roman, uniq_joseph, uniq_menkaure
D:8:      layout_rooms, minitemple, grunt_lair_entry_orc_guard_hut,
          serial_shops, nicolae_diamond_shop, uniq_maurice
D:9:      layout_roguey, orc_0_dummy, serial_co_window_serial,
          co_window_corner_a, co_window_paths_a, co_window_paths_b,
          co_window_paths_a, co_window_corner_a, co_window_broadway_a,
          co_window_of_opportunity_b, co_window_cross_3, co_window_2corner,
          co_window_of_opportunity_b, co_window_paths_c, glass_columns_a,
          glass_columns_a, glass_columns_b, glass_columns_b
D:10:     layout_rooms
D:11:     layout_basic, enter_trove_2
D:12:     layout_roguey [special_room_bee], portal_ice_cave_entry_ice_simulacra
Temple:   minmay_crystal_spiral_temple

Skill      XL: |  1  2  3  4  5  6  7  8  9 10 11 12 |
---------------+-------------------------------------+-----
Axes           | 3 4 5 6 8 10 13 15 16 | 16.6
Armour         | 4 6 |  6.7
Fighting       | 5 7 |  7.5
Maces & Flails | |  0.4
Dodging        | |  2.0
Stealth        | |  5.0

Action                   |  1- 3 |  4- 6 |  7- 9 | 10-12 || total
-------------------------+-------+-------+-------+-------++-------
Melee: Hand axe          |    88 |   111 |       |       ||   199
       Punch             |     3 |       |     5 |     1 ||     9
       Halberd           |       |    83 |    22 |       ||   105
       Mace              |       |       |   279 |       ||   279
       Broad axe         |       |       |    73 |   382 ||   455
Throw: Boomerang         |       |     1 |       |     2 ||     3
       Dart              |       |       |     4 |     3 ||     7
Invok: Heroism           |       |       |     2 |     1 ||     3
Evoke: Wand              |     1 |       |     4 |    11 ||    16
  Use: Scroll            |     3 |       |    10 |     7 ||    20
       Potion            |       |     2 |     1 |     1 ||     4
 Stab: Sleeping          |    10 |    10 |     9 |    11 ||    40
       Distracted        |       |       |     2 |     1 ||     3
Armor: Leather armour    |    18 |    29 |     1 |       ||    48
       Ring mail         |       |       |    95 |    94 ||   189
       Plate armour      |       |       |       |     9 ||     9
Dodge: Dodged            |    81 |   173 |   311 |   302 ||   867
Block: Other             |     2 |    42 |    88 |    33 ||   165
       Reflection        |       |     2 |     4 |     9 ||    15
       Buckler           |       |       |       |   102 ||   102

Table legend: (Time is in decaauts)
 A = Elapsed time spent in this place.
 B = Non-inter-level travel time spent in this place.
 C = Inter-level travel time spent in this place.
 D = Time resting spent in this place.
 E = Time spent auto-exploring this place.
 F = Levels seen in this place.
 G = Mean time per level.
                   A        B        C        D        E       F      G
               +--------+--------+--------+--------+--------+-----+--------+
         Total |  15005 |  13841 |   1164 |   1965 |   8605 |  14 | 1071.8 |
       Dungeon |  14551 |  13471 |   1080 |   1965 |   8376 |  12 | 1212.6 |
        Temple |    212 |    128 |     84 |      0 |    110 |   1 |  212.0 |
       Ossuary |    241 |    241 |      0 |      0 |    119 |   1 |  241.0 |
               +--------+--------+--------+--------+--------+-----+--------+

Top non-repeatable levels by time:
    D:11: 2522 daAuts
     D:5: 1542 daAuts
     D:6: 1364 daAuts
     D:4: 1331 daAuts
     D:3: 1272 daAuts
     D:2: 1204 daAuts
     D:9: 1146 daAuts
     D:7: 992 daAuts
    D:10: 943 daAuts
     D:8: 795 daAuts
     D:1: 743 daAuts
    D:12: 692 daAuts
 Ossuary: 241 daAuts
  Temple: 212 daAuts
